 Dungeon Crawl Stone Soup version 0.20-a0-1006-ge6c5631 (webtiles) character file.

1285 Rrauwl the Covered (level 8, -2/51 HPs)
             Began as a Gargoyle Fighter on Apr 13, 2017.
             Was a Priest of Nemelex Xobeh.
             Slain by a sixfirhy (10 damage)
             ... summoned by the player character
             ... in an ossuary.
             The game lasted 00:17:34 (5039 turns).

Rrauwl the Covered (Gargoyle Fighter)               Turns: 5039, Time: 00:17:35

Health: -2/51      AC:  8    Str: 20      XL:     8   Next: 55%
Magic:  12/12      EV: 10    Int:  8 (10) God:    Nemelex Xobeh [***...]
Gold:   205        SH: 10    Dex: 10      Spells: 7/7 levels left

rFire    . . .     SeeInvis .   a - +1 flail
rCold    . . .     Gourm    .   c - +0 shield
rNeg     + . .     Faith    +   (no armour)
rPois    ∞         Spirit   .   u - +0 helmet
rElec    +         Reflect  .   t - +1 cloak
rCorr    .         Harm     .   (no gloves)
MR       .....                  (no boots)
Stlth    +.........             k - amulet of faith
Regen    0.2/turn               (no ring)
MPRegen  0.2/turn               (no ring)

@: hasted, very quick
A: deterioration 2, high mp 1, negative energy resistance 1, electricity
resistance, unbreathing, petrification resistance, rot immunity, AC +5
a: Triple Draw, Renounce Religion


You were in an ossuary.
You worshipped Nemelex Xobeh.
Nemelex Xobeh was most pleased with you.
You were not hungry.

You visited 2 branches of the dungeon, and saw 7 of its levels.
You also visited: Ossuary.

You collected 205 gold pieces.

Inventory:

Hand Weapons
 a - a +1 flail (weapon)
Missiles
 p - 32 bolts
Armour
 c - a +0 shield (worn)
 l - a +0 plate armour
 t - a +1 cloak (worn)
 u - a +0 helmet (worn)
Jewellery
 i - an uncursed amulet of harm
 k - an amulet of faith (around neck)
 w - an uncursed amulet of magic regeneration
Scrolls
 b - 2 scrolls of enchant armour
 g - 6 scrolls of remove curse
 n - 2 scrolls of fog
 r - a scroll of teleportation
Potions
 d - 2 potions of might
Miscellaneous
 e - a plain deck of destruction {drawn: 6}
Comestibles
 f - 6 bread rations
 j - 4 royal jellies
 q - a meat ration


   Skills:
 + Level 5.7 Fighting
 + Level 4.5 Maces & Flails
 + Level 5.8 Armour
 + Level 2.7 Dodging
 + Level 5.5 Shields
 + Level 4.1 Invocations


You had 7 spell levels left.
You didn't know any spells.

Dungeon Overview and Level Annotations

Branches:
Dungeon (6/15)             Temple (1/1) D:5

Altars:
Ashenzari
Cheibriados
Dithmenos
Elyvilon
Fedhas
Gozag
Hepliaklqana
Kikubaaqudgha
Makhleb
Nemelex Xobeh
Okawaru
Qazlal
Ru
Sif Muna
Trog
Uskayaw
Vehumet
Wu Jian
Xom
Yredelemnul
Zin
The Shining One

Shops:
D:4 [


Innate Abilities, Weirdness & Mutations

You are resistant to torment.
Your stone body is resilient. (AC +5)
You are immune to poison.
You resist negative energy. (rN+)
You are resistant to electric shocks. (rElec)
You can survive without breathing.
You are immune to petrification.
You are immune to rotting.
Your body often deteriorates upon taking damage.
You have an increased reservoir of magic. (+10% MP)


Message History

The sixfirhy hits your rakshasa but does no damage.
Your wyvern completely misses the sixfirhy.
Something hits your rakshasa! Something shocks your rakshasa!
Something hits your rakshasa! Something shocks your rakshasa!
The injured rakshasa weaves a defensive illusion!
Unknown command.
Something hits your rakshasa. Something shocks your rakshasa!
Something hits your rakshasa. Something shocks your rakshasa!
Something closely misses your rakshasa. Something closely misses your rakshasa.
You swap places.
Your wyvern barely misses the sixfirhy.
You swap places.
The sixfirhy hits your wyvern. The sixfirhy shocks your wyvern!
The sixfirhy barely misses your wyvern.
You swap places.
The sixfirhy barely misses your rakshasa.
The sixfirhy hits your rakshasa but does no damage.
The sixfirhy hits your rakshasa. The sixfirhy shocks your rakshasa!
You swap places.
The sixfirhy hits you!
You die...
Your body glows with a rainbow of weird colours and disappears.

#### ###################
.....#...Rl#3..#...#...#
.....#....R@R..#.∩.'.∩.#
.....8...†@#...#...#...#
...........##'###'######
...........#?!.#...#...#
#8.....8###!..#...8...#
...........#?!!#.......#
...........######8...8##
.....8.....#^..#.......#
.....#.....†..^#...8...#


You could see a sixfirhy, 3 friendly rakshasas, a friendly wyvern and the
friendly Rrauwl's illusion.

Vanquished Creatures
  A yak (D:5)
  The ghost of Toogi the Skirmisher, an amateur DsMo (D:3)
  2 ogres
  2 scorpions (Ossuary)
  A howler monkey (D:4)
  2 crimson imps (D:5)
  A hound (D:4)
  A human zombie (Ossuary)
  2 bullfrog skeletons (D:5)
  A centaur skeleton (D:4)
  An iguana (D:5)
  A worker ant (D:5)
  A mummy (D:6)
  6 adders
  2 scorpion zombies (Ossuary)
  A shadow imp (D:5)
  An ooze (D:5)
  A worm (D:4)
  3 dart slugs (D:2)
  A leopard gecko (D:2)
  8 orcs
  4 giant cockroaches
  4 goblins
  5 hobgoblins
  6 jackals
  7 kobolds
  A quokka (D:5)
  6 bats
  5 frilled lizards
  A giant cockroach zombie (D:5)
  A gnoll zombie (Ossuary)
  2 goblin zombies (Ossuary)
  2 hobgoblin zombies (Ossuary)
  2 kobold zombies (Ossuary)
  2 orc zombies (Ossuary)
  3 rats
91 creatures vanquished.

Vanquished Creatures (collateral kills)
  3 yaks (D:5)
  A scorpion (Ossuary)
  An orc wizard (D:6)
  2 orcs (D:6)
7 creatures vanquished.

Vanquished Creatures (others)
  An orc wizard (D:6)
  2 mummies (Ossuary)
  2 orcs (D:6)
5 creatures vanquished.

Grand Total: 103 creatures vanquished

Notes
Turn   | Place    | Note
-------+----------+-------------------------------------------
     0 | D:1      | Rrauwl the Gargoyle Fighter began the quest for the Orb.
     0 | D:1      | Reached XP level 1. HP: 14/14 MP: 1/1
   140 | D:1      | Reached XP level 2. HP: 13/19 MP: 2/2
   744 | D:2      | Reached XP level 3. HP: 19/23 MP: 3/3
   784 | D:2      | Found a sparkling altar of Nemelex Xobeh.
  1096 | D:2      | Found a faded altar of an unknown god.
  1102 | D:2      | Became a worshipper of Nemelex Xobeh the Trickster
  1102 | D:2      | Received a gift from Nemelex Xobeh
  1102 | D:2      | Reached * piety under Nemelex Xobeh
  1156 | D:3      | Found a shadowy altar of Dithmenos.
  1161 | D:3      | Noticed Toogi's ghost (amateur DsMo)
  1163 | D:3      | Gained mutation: Your body sometimes deteriorates upon taking damage. [potion of mutation]
  1163 | D:3      | Gained mutation: Your body often deteriorates upon taking damage. [potion of mutation]
  1163 | D:3      | Gained mutation: You have an increased reservoir of magic. (+10% MP) [potion of mutation]
  1165 | D:3      | Found a basalt altar of Yredelemnul.
  1172 | D:3      | Reached XP level 4. HP: 29/29 MP: 4/4
  1220 | D:3      | Found a white marble altar of Elyvilon.
  1253 | D:3      | Killed Toogi's ghost
  1253 | D:3      | Reached skill level 1 in Dodging
  1253 | D:3      | Reached skill level 1 in Invocations
  1253 | D:3      | Reached XP level 5. HP: 30/33 MP: 4/6
  1377 | D:3      | Found a deep blue altar of Sif Muna.
  1422 | D:3      | Found a hazy altar of Hepliaklqana.
  1604 | D:3      | Received a gift from Nemelex Xobeh
  1682 | D:3      | Found a bloodstained altar of Trog.
  1839 | D:4      | Reached ** piety under Nemelex Xobeh
  1910 | D:4      | Reached XP level 6. HP: 33/38 MP: 7/7
  2665 | D:4      | Found Jarigeq's Antique Armour Boutique.
  2772 | D:5      | Entered Level 5 of the Dungeon
  2871 | D:5      | Reached XP level 7. HP: 35/44 MP: 9/9
  3049 | D:5      | Reached skill level 5 in Fighting
  3143 | D:5      | Reached skill level 5 in Armour
  3284 | D:5      | Reached *** piety under Nemelex Xobeh
  3377 | D:5      | Found a staircase to the Ecumenical Temple.
  3390 | Temple   | Entered the Ecumenical Temple
  3686 | D:5      | Noticed a steam dragon
  3688 | D:5      | Noticed a steam dragon
  3699 | D:5      | a steam dragon changed into an ooze
  3961 | D:5      | Noticed a yak
  3961 | D:5      | Noticed a yak
  3961 | D:5      | Noticed a yak
  3962 | D:5      | Noticed a yak
  3973 | D:5      | Killed a yak
  3977 | D:5      | Killed a yak
  3977 | D:5      | Reached skill level 5 in Shields
  3977 | D:5      | Reached XP level 8. HP: 21/50 MP: 11/11
  3994 | D:5      | Killed a yak
  3996 | D:5      | HP: 1/50 [yak (13)]
  3997 | D:5      | Killed a yak
  4604 | D:6      | Found a sand-covered staircase.
  4798 | Ossuary  | Entered an ossuary
  5022 | Ossuary  | Noticed a sixfirhy
  5023 | Ossuary  | Noticed a wyvern
  5023 | Ossuary  | Noticed a wyvern
  5039 | Ossuary  | Slain by a sixfirhy

Vault maps used:
D:1:      tarquinn_simple_flora_water_a
D:2:      lemuel_doored_altar, chequers_ecumenical_altar_twisty
D:3:      elyvilon_altar_1, lemuel_coloured_pillars_altar,
          grunt_temple_overflow_open, first_bread
D:4:      serial_shops, shop
D:5:      kennysheep_steamy, minmay_temple_entry_glass
D:6:      gup_ossuary_entry_pyramid, eino_tiny_chamber
Temple:   nicolae_temple_no_exploring_needed
Ossuary:  ossuary_minmay_scorpions

Skill      XL: |  1  2  3  4  5  6  7  8 |
---------------+-------------------------+-----
Armour         | 4 5 |  5.8
Fighting       | 4 5 |  5.7
Maces & Flails | 3 4 |  4.5
Dodging        | 1 2 |  2.7
Invocations    | 1 2 3 4 |  4.1
Shields        | 4 5 |  5.5

Action                   |  1- 3 |  4- 6 |  7- 9 || total
-------------------------+-------+-------+-------++-------
Melee: Flail             |   146 |   177 |   173 ||   496
Evoke: Deck              |       |       |    14 ||    14
  Use: Potion            |     3 |     2 |     5 ||    10
       Scroll            |       |    11 |       ||    11
 Stab: Invisible         |       |       |     1 ||     1
  Eat: Chunk             |     1 |     3 |     2 ||     6
       Fruit             |       |     1 |       ||     1
       Meat ration       |       |     1 |     1 ||     2
Armor: Scale mail        |    24 |       |       ||    24
       Plate armour      |    85 |   151 |    92 ||   328
       Skin              |       |       |    16 ||    16
Dodge: Dodged            |    30 |    24 |    51 ||   105
Block: Shield            |    98 |    77 |    95 ||   270
